 Dungeon Crawl Stone Soup version 0.31-a0-344-gd109795599 (webtiles) character file.

Game seed: 10107673535699947846

249 GordonOverkill the Sneak (level 5, 0/41 HPs)
             Began as a Mummy Delver on July 22, 2023.
             Slain by a hound (4 damage)
             ... on level 7 of the Dungeon.
             The game lasted 00:04:20 (909 turns).

GordonOverkill the Sneak (Mummy Delver)              Turns: 909, Time: 00:04:20

Health: 0/41       AC:  3    Str: 15    XL:     5   Next: 87%
Magic:  9/9        EV: 11    Int: 11    God:
Gold:   67         SH:  0    Dex: 14    Spells: 10/10 levels left

rFire   x . .        a - +0 short sword
rCold   + . .        (no shield)
rNeg    + + +        i - +0 leather armour
rPois   ∞            (no helmet)
rElec   .            (no cloak)
rCorr   .            (no gloves)
SInv    .            (no boots)
Will    .....        (no amulet)
Stlth   ++           k - ring of flight
HPRegen 0.26/turn    (no ring)
MPRegen 0.11/turn

%: faith
@: flying
A: cold resistance 1, negative energy resistance 3, torment resistance 2, heat
vulnerability 1, in touch with death 1, no potions, faith
a: no special abilities


You were on level 7 of the Dungeon.
You visited 1 branch of the dungeon, and saw 3 of its levels.

You collected 67 gold pieces.

Inventory:

Hand Weapons
 a - a +0 short sword (weapon)
 b - a +0 sling
Armour
 h - a +0 scale mail
 i - a +0 leather armour (worn)
Jewellery
 k - a ring of flight (left hand)
Wands
 f - a wand of digging (3)
Scrolls
 c - a scroll of fog
 d - a scroll of revelation
 g - 2 scrolls of immolation {unknown}
 j - a scroll of butterflies {unknown}
 l - a scroll of identify {unknown}


   Skills:
 - Level 3.0 Fighting
 - Level 1.5 Short Blades
 - Level 1.5 Dodging
 - Level 4.1 Stealth
 + Level 3.2 Spellcasting
 - Level 4.1 Evocations


You had 10 spell levels left.
You didn't know any spells.
Your spell library was empty.

Dungeon Overview and Level Annotations

Branches:
Dungeon (7/15)
 Temple: D:4-7

Altars:

Portals:
Abyss: D:6

Annotations:
D:5 exclusion: downstairs
D:6 2 transporters, whodunnit's ghost, novice OpSh
D:7 exclusion: electric eel


Innate Abilities, Weirdness & Mutations

You are immune to poison.
Your flesh is cold resistant. (rC+)
You are immune to negative energy. (rN+++)
You are immune to unholy pain and torment.
You are vulnerable to heat. (rF-)
You are in touch with the powers of death.
You do not drink.
You have a special connection with the divine. (Faith)


Message History

The hound bites you.
* * * LOW HITPOINT WARNING * * *
You hit the hound but do no damage.
The hound is lightly wounded.
The hound bites you but does no damage.
You barely miss the hound.
The hound is lightly wounded.
The hound bites you.
* * * LOW HITPOINT WARNING * * *
You miss the hound.
The hound is lightly wounded.
The hound barely misses you. The hound misses you.
You hit the hound but do no damage.
The hound is lightly wounded.
The hound bites you but does no damage.
You barely miss the hound. The hound completely misses you.
You hit the hound.
The hound is lightly wounded.
The hound barely misses you. The hound misses you.
You hit the hound.
The hound is lightly wounded.
The hound bites you.
* * * LOW HITPOINT WARNING * * *
You closely miss the hound.
The hound is lightly wounded.
The hound bites you but does no damage. The hound closely misses you.
You hit the hound.
The hound is heavily wounded.
The hound bites you.
* * * LOW HITPOINT WARNING * * *
You hit the hound.
The hound is heavily wounded.
The hound bites you.
* * * LOW HITPOINT WARNING * * *
The hound bites you.
* * * LOW HITPOINT WARNING * * *
You hit the hound.
The hound is almost dead.
The hound bites you.
You die...

#.## #..# ### ##.#
#..# #.# #..# #..#
#.###..# #o.#
#......# ##..#
#......# #...#
##....## ###...#
###....#####...###
####.........@ho###
#.............###
#########..####
####


You could see a hound and an orc.

Vanquished Creatures
  An ogre (D:7)
  A scorpion (D:5)
  A jelly (D:5)
  A hound (D:6)
  An iguana (D:6)
  An adder (D:5)
  A shadow imp (D:6)
  A dart slug (D:5)
  2 orcs
10 creatures vanquished.

Notes
Turn   | Place    | Note
-------+----------+-------------------------------------------
     0 | D:5      | GordonOverkill the Mummy Delver began the quest for the
                  | Orb.
     0 | D:5      | Reached XP level 1. HP: 18/18 MP: 1/1
    18 | D:5      | Noticed a scorpion
    29 | D:5      | Killed a scorpion
    30 | D:5      | Reached XP level 2. HP: 24/24 MP: 2/2
    30 | D:5      | Gained mutation: You are in touch with the powers of death.
                  | [Mummy growth]
    30 | D:5      | Reached XP level 3. HP: 29/29 MP: 3/3
    58 | D:5      | Reached XP level 4. HP: 32/35 MP: 4/4
   479 | D:6      | Reached XP level 5. HP: 33/41 MP: 5/5
   516 | D:6      | Found a transporter.
   530 | D:6      | Found a one-way gate to the infinite horrors of the Abyss.
   530 | D:6      | Noticed whodunnit's ghost (novice OpSh)
   531 | D:6      | Noticed a small abomination
   542 | D:6      | Noticed a small abomination
   553 | D:6      | Found a transporter.
   568 | D:6      | Noticed a small abomination
   761 | D:7      | Noticed an ogre
   778 | D:7      | Killed an ogre
   909 | D:7      | Slain by a hound

Illustrated notes

Levels and vault maps discovered:
D:5:      layout_rooms, kennysheep_mini_moat, minivault_24
D:6:      layout_loops_cross, vehumet_statue, gammafunk_ghost_abyssal_escape,
          minmay_shop_mayhem, kennysheep_generic_room_7
D:7:      layout_layer_cave, nicolae_overflow_two_pavilions,
          minmay_temple_entry_ruins, uniq_duvessa, uniq_crazy_yiuf_cottage,
          uniq_maggie

Skill      XL: |  1  2  3  4  5 |
---------------+----------------+-----
Evocations     | 2 3 4 |  4.1
Spellcasting   | 3 |  3.2
Fighting       | |  3.0
Short Blades   | |  1.5
Dodging        | |  1.5
Stealth        | |  4.1

Action                     |  1- 3 |  4- 6 || total
---------------------------+-------+-------++-------
  Melee: Short sword       |     6 |    72 ||    78
   Fire: Sling             |       |    28 ||    28
  Evoke: Wand              |     2 |     1 ||     3
    Use: Scroll            |       |     1 ||     1
   Stab: Paralysed         |     6 |     1 ||     7
         Sleeping          |       |     1 ||     1
 Armour: Leather armour    |       |    13 ||    13
  Dodge: Dodged            |       |    41 ||    41

Table legend: (Time is in decaauts)
 A = Elapsed time spent in this place.
 B = Non-inter-level travel time spent in this place.
 C = Inter-level travel time spent in this place.
 D = Time resting spent in this place.
 E = Time spent auto-exploring this place.
 F = Levels seen in this place.
 G = Mean time per level.
                   A        B        C        D        E       F      G
               +--------+--------+--------+--------+--------+-----+--------+
         Total |    910 |    910 |      0 |    397 |      0 |   3 |  303.3 |
       Dungeon |    910 |    910 |      0 |    397 |      0 |   3 |  303.3 |
               +--------+--------+--------+--------+--------+-----+--------+

Top non-repeatable levels by time:
     D:6: 405 daAuts
     D:5: 266 daAuts
     D:7: 237 daAuts
